 Dungeon Crawl Stone Soup version 0.29.1-1-gd02db6906a (webtiles) character file.

Game seed: 3868509664030648818

410 GreyHunter the Grappler (level 6, -1/48 HPs)
             Began as a Ghoul Gladiator on Sept 21, 2022.
             Splashed by a jelly's acid (7 damage)
             ... on level 4 of the Dungeon.
             The game lasted 00:13:41 (3043 turns).

GreyHunter the Grappler (Ghoul Gladiator)           Turns: 3043, Time: 00:13:41

Health: -1/48      AC: -5    Str: 20    XL:     6   Next: 89%
Magic:  5/5        EV: 12    Int:  3    God:
Gold:   209        SH:  0    Dex: 16    Spells: 5/5 levels left

rFire   + . .      SeeInvis .     - Unarmed
rCold   + . .      Faith    .   (no shield)
rNeg    + + +      Spirit   .   n - +0 ring mail
rPois   ∞          Reflect  .   r - +1 helmet
rElec   .          Harm     .   (no cloak)
rCorr   .          Rampage  .   (no gloves)
Will    .....                   (no boots)
Stlth   +.........              (no amulet)
HPRegen 0.00/turn               m - ring of protection from fire
MPRegen 0.09/turn               i - +6 ring of dexterity

@: corroded, inhibited regen
A: claws 1, cold resistance 1, negative energy resistance 3, inhibited
regeneration, torment resistance 2, devour on kill
a: no special abilities


You were on level 4 of the Dungeon.
You visited 1 branch of the dungeon, and saw 4 of its levels.

You collected 209 gold pieces.

Inventory:

Missiles
 c - 3 throwing nets (quivered)
 d - a javelin
Armour
 a - a +0 leather armour
 n - a +0 ring mail (worn)
 r - a +1 helmet (worn)
Jewellery
 f - a ring of resist corrosion
 i - a +6 ring of dexterity (right claw)
 m - a ring of protection from fire (left claw)
Scrolls
 e - a scroll of poison
 g - 2 scrolls of vulnerability {unknown}
 j - a scroll of enchant armour {unknown}
 k - a scroll of teleportation
 o - a scroll of fear {unknown}
 p - a scroll of enchant weapon {unknown}
 s - a scroll of identify
Potions
 b - a potion of mutation {unknown}
 h - 2 potions of haste {unknown}
 l - a potion of curing
 q - a potion of attraction


   Skills:
 - Level 2.1 Fighting
 - Level 1.7 Throwing
 - Level 2.6 Dodging
 + Level 8.2 Unarmed Combat


You had 5 spell levels left.
You didn't know any spells.
Your spell library contained the following spells:

 Spells                   Type           Power      Damage    Failure   Level
 Slow                     Hex            0%         N/A       71%         1
 Confusing Touch          Hex            0%         N/A       97%         3
 Stone Arrow              Conj/Erth      0%         3d7       97%         3
 Vampiric Draining        Necr           0%         2d6       97%         3
 Animate Armour           Summ/Erth      0%         N/A       100%        4
 Lehudib's Crystal Spear  Conj/Erth      0%         10d2      100%        8


Dungeon Overview and Level Annotations

Branches:
Dungeon (4/15)
 Temple: D:4-7

Altars:
Sif Muna


Innate Abilities, Weirdness & Mutations

You are immune to poison.
You have sharp fingernails.
Your flesh is cold resistant. (rC+)
You are immune to negative energy. (rN+++)
You do not regenerate when monsters are visible.
You are immune to unholy pain and torment.
You thrive by killing the living.


Message History

The jelly quivers.
The jelly hits you. The acid corrodes you!
You are splashed with acid!
You claw the jelly!
Your claws burn!
The jelly is severely wounded.
The jelly closely misses you.
You scratch the jelly.
Your claws burn!
The jelly is almost dead.
You claw the jelly!
You kill the jelly!
You feel better.
You are no longer corroded.
A jelly comes into view.
The jelly quivers.
A jelly is nearby!
Found a flail.
The jelly hits you but does no damage.
You scratch the jelly. The acid corrodes you!
Your claws burn!
The jelly is moderately wounded.
The jelly closely misses you.
You scratch the jelly. The acid corrodes you!
Your claws burn!
The jelly is moderately wounded.
The jelly barely misses you.
You scratch the jelly but do no damage. The acid corrodes you!
Your claws burn!
The jelly is moderately wounded.
The jelly misses you.
You scratch the jelly but do no damage.
Your claws burn!
The jelly is moderately wounded.
The jelly closely misses you.
You scratch the jelly but do no damage. The acid corrodes you!
Your claws burn!
The jelly is moderately wounded.
You scratch the jelly. The acid corrodes you!
Your claws burn!
The jelly is severely wounded.
The jelly closely misses you.
You scratch the jelly. The acid corrodes you!
Your claws burn!
The jelly is almost dead.
The jelly hits you.
You are splashed with acid!
* * * LOW HITPOINT WARNING * * *
The jelly attacks as you move away! The jelly hits you.
* * * LOW HITPOINT WARNING * * *
You are splashed with acid!
You die...

### ..#
#########.#
#.#
#...@J....#
#.#
#.##.##...#
#.# #.##.#
...# #.#
#####.##.#
...) ..#
#####........#
### ###
#.........####
.# #.###..#..#
.# #.#
#..#..## .#
#.# #.......


You could see a jelly.

Vanquished Creatures
  A black bear (D:4)
  A jelly (D:4)
  An orc priest (D:3)
  An iguana (D:4)
  Robin (D:3)
  4 gnolls
  6 adders
  2 worms
  A dart slug (D:4)
  4 orcs
  7 bats
  5 endoplasms
  3 giant cockroaches
  14 goblins
  11 hobgoblins
  17 jackals
  9 kobolds
  4 quokkas
  13 ball pythons
  5 frilled lizards
  4 rats
114 creatures vanquished.

Vanquished Creatures (others)
  A kobold (D:4)
1 creature vanquished.

Grand Total: 115 creatures vanquished

Notes
Turn   | Place    | Note
-------+----------+-------------------------------------------
     0 | D:1      | GreyHunter the Ghoul Gladiator began the quest for the Orb.
     0 | D:1      | Reached XP level 1. HP: 17/17 MP: 0/0
    93 | D:1      | Reached XP level 2. HP: 24/24 MP: 1/1
   168 | D:1      | Found a faded altar of an unknown god.
   189 | D:1      | Reached skill level 4 in Unarmed Combat
   226 | D:1      | Reached XP level 3. HP: 15/29 MP: 2/2
   645 | D:1      | Reached skill level 5 in Unarmed Combat
   952 | D:1      | Reached XP level 4. HP: 36/36 MP: 3/3
  1162 | D:2      | You fall into a shaft and drop 1 floor!
  1378 | D:2      | Found a shimmering blue altar of Sif Muna.
  1640 | D:2      | Reached skill level 6 in Unarmed Combat
  1717 | D:3      | Reached XP level 5. HP: 41/41 MP: 4/4
  1850 | D:3      | Noticed Robin
  1895 | D:3      | Killed Robin
  1897 | D:3      | Reached skill level 7 in Unarmed Combat
  2349 | D:4      | Reached XP level 6. HP: 37/48 MP: 5/5
  2588 | D:4      | Noticed a black bear
  2594 | D:4      | Killed a black bear
  2602 | D:4      | Reached skill level 8 in Unarmed Combat
  3043 | D:4      | Splashed by a jelly's acid

Illustrated notes

Levels and vault maps discovered:
D:1:      dpeg_arrival_circle_labyrinth_a, layout_basic,
          nicolae_ecumenical_snake_handling, dk_noncrumbling_3, hex_large
D:2:      layout_rooms, basic_altar, kennysheep_big_empty_room
D:3:      layout_rooms, uniq_robin
D:4:      layout_loops_corners, chequers_serial_rivers_room_a

Skill      XL: |  1  2  3  4  5  6 |
---------------+-------------------+-----
Unarmed Combat | 4 5 6 7 8 |  8.2
Fighting       | |  2.1
Throwing       | |  1.7
Dodging        | |  2.6

Action                   |  1- 3 |  4- 6 || total
-------------------------+-------+-------++-------
Melee: Unarmed           |   105 |   180 ||   285
       Punch             |     3 |     1 ||     4
  Use: Scroll            |       |     4 ||     4
Armor: Leather armour    |    37 |    11 ||    48
       Ring mail         |       |    37 ||    37
Dodge: Dodged            |    77 |   100 ||   177
